 Dungeon Crawl Stone Soup version 0.29-a0-409-gd843f3a48c (webtiles) character file.

Game seed: 642989304645932339

534294 siradein the Executioner (level 25, 0/255 HPs)
             Began as a Minotaur Berserker on May 14, 2022.
             Was the Champion of Trog.
             Killed by divine providence
             ... invoked by a living spell
             ... summoned by a walking divine tome
              (11 damage)
             ... on level 3 of the Depths on May 15, 2022.
             The game lasted 02:18:37 (68353 turns).

siradein the Executioner (Minotaur Berserker)      Turns: 68353, Time: 02:18:39

Health: 0/255      AC: 35    Str: 36    XL:     25   Next: 6%
Magic:  22/22      EV: 18    Int: 12    God:    Trog [******]
Gold:   1575       SH: 17    Dex: 15    Spells: 24/24 levels left

rFire   + + +      SeeInvis +   Y - +9 broad axe (flame)
rCold   + . .      Faith    .   I - +2 kite shield of the Mackerel {rPois Int+2 Dex+3 Stlth+}
rNeg    + + +      Spirit   .   P - +8 chain mail of Wu Jian's Generosity {Fly rN+++ Will+++ Slay-5}
rPois   +          Reflect  .   (helmet restricted)
rElec   +          Harm     .   j - scarf {rC+ rF+}
rCorr   +          Rampage  .   A - +2 pair of gloves of the Tarantula {Regen+ Int+3}
Will    ++++.                   f - +2 pair of boots
Stlth   ..........              n - amulet of Oniepnav {rF++ Regen+ Int+3}
HPRegen 2.12/turn               x - ring "Apeme" {rElec rF+ rN+ Str+4 SInv}
MPRegen 0.18/turn               a - ring "Foack" {rCorr AC+4}

@: about to teleport, flying, studying 5 skills
A: horns 2, retaliatory headbutt
}: 2/15 runes: decaying, gossamer
a: Renounce Religion, Berserk, Trog's Hand, Brothers in Arms


You were on level 3 of the Depths.
You worshipped Trog.
Trog was exalted by your worship.
You visited 9 branches of the dungeon, and saw 43 of its levels.
You also visited: Trove, Ice Cave, Wizlab and Desolation.

You collected 5532 gold pieces.
You spent 3957 gold pieces at shops.

Inventory:

Hand Weapons
 M - the +10 trident "Dragonbane" {vorpal, *Noise rElec rN+}
   (You found it on level 9 of the Dungeon)

   It inflicts extra damage upon your enemies.
   rElec:     It insulates you from electricity.
   rN:        It protects you from negative energy.
   *Noise:    It may make noises in combat.
 U - the +6 broad axe of Accidental Termination {vorpal, rPois rF+ rCorr}
   (Trog gifted it to you on level 2 of the Spider Nest)

   It inflicts extra damage upon your enemies.
   rF:        It protects you from fire.
   rPois:     It protects you from poison.
   rCorr:     It protects you from acid and corrosion.
 Y - a +9 broad axe of flaming (weapon)
Missiles
 W - 10 javelins (quivered)
 X - 6 throwing nets
Armour
 f - a +2 pair of boots (worn)
 j - a scarf of resistance (worn)
 A - the +2 pair of gloves of the Tarantula (worn) {Regen+ Int+3}
   (You acquired it on level 2 of the Elven Halls)

   Int:       It affects your intelligence (+3).
   Regen:     It increases your rate of health regeneration.
 I - the +2 kite shield of the Mackerel (worn) {rPois Int+2 Dex+3 Stlth+}
   (You took it off Asterion on level 1 of the Spider Nest)

   Int:       It affects your intelligence (+2).
   Dex:       It affects your dexterity (+3).
   rPois:     It protects you from poison.
   Stlth:     It makes you more stealthy.
 P - the +8 chain mail of Wu Jian's Generosity (worn) {Fly rN+++ Will+++ Slay-5}
   (You found it on level 14 of the Dungeon)

   Slay:      It affects your accuracy & damage with ranged weapons and melee
   (-5).
   rN:        It renders you almost immune to negative energy.
   Fly:       It grants you flight.
   Will:      It greatly increases your willpower.
Jewellery
 a - the ring "Foack" (right hand) {rCorr AC+4}
   (You found it on level 3 of the Depths)

   [ring of protection]

   AC:        It affects your AC (+4).
   rCorr:     It protects you from acid and corrosion.
 n - the amulet of Oniepnav (around neck) {rF++ Regen+ Int+3}
   (You acquired it on level 2 of the Elven Halls)

   [amulet of regeneration]

   Int:       It affects your intelligence (+3).
   rF:        It greatly protects you from fire.
   Regen:     It increases your rate of health regeneration.
 x - the ring "Apeme" (left hand) {rElec rF+ rN+ Str+4 SInv}
   (You found it in the Desolation of Salt)

   [ring of see invisible]

   Str:       It affects your strength (+4).
   rF:        It protects you from fire.
   rElec:     It insulates you from electricity.
   rN:        It protects you from negative energy.
   SInv:      It lets you see invisible.
 y - the ring of Fifeuf {rN+ rCorr}
   (You found it in the Desolation of Salt)

   [ring of positive energy]

   rN:        It protects you from negative energy.
   rCorr:     It protects you from acid and corrosion.
 J - a ring of protection from cold
 N - a +6 ring of dexterity
Wands
 d - a wand of mindburst (45)
 r - a wand of polymorph (19)
 D - a wand of acid (35)
 E - a wand of paralysis (20)
 G - a wand of iceblast (18)
 K - a wand of digging (12)
 S - a wand of flame (62)
 V - a wand of charming (18)
Scrolls
 c - 10 scrolls of poison
 h - 9 scrolls of blinking
 p - 3 scrolls of silence
 q - 25 scrolls of teleportation
 C - 4 scrolls of enchant weapon
 F - 4 scrolls of summoning
 H - 5 scrolls of fog
 L - 4 scrolls of enchant armour
 R - 9 scrolls of immolation
 Z - 4 scrolls of fear
Potions
 b - 13 potions of lignification
 e - 7 potions of resistance
 g - 3 potions of berserk rage
 k - 8 potions of magic
 l - 14 potions of might
 m - 17 potions of curing
 o - 8 potions of mutation
 s - 13 potions of heal wounds
 v - 6 potions of cancellation
 w - 8 potions of haste
 B - 13 potions of ambrosia
 T - 9 potions of invisibility
Miscellaneous
 i - a condenser vane
 t - a phantom mirror
 u - a tin of tremorstones (2/2)
 z - a phial of floods
 O - a phantom mirror
 Q - a lightning rod (4/4)


   Skills:
 + Level 26.5 Fighting
 + Level 26.5 Axes
 + Level 21.7 Armour
 + Level 17.2 Dodging
 - Level 20.0 Shields
 + Level 15.5 Evocations


You had 24 spell levels left.
You didn't know any spells.
Your spell library was empty.

Dungeon Overview and Level Annotations

Branches:
Dungeon (15/15)            Temple (0/1) D:4            Lair (6/6) D:10
  Swamp (4/4) Lair:2       Spider (4/4) Lair:2        Slime (1/5) Lair:6
    Orc (2/2) D:10            Elf (3/3) Orc:2        Vaults (4/5) D:14
  Crypt (0/3) Vaults:3     Depths (4/4) D:15          IceCv (visited)
 WizLab (visited)         Desolation (visited)
    Zot: Depths:4

Altars:
Elyvilon
Makhleb
Okawaru
Qazlal
Sif Muna
Trog
Uskayaw
Vehumet
Zin
The Shining One
Jiyva

Shops:
D:3 (   D:10 :   D:13 =   D:14 ([!!*   Orc:1 *   Orc:2 =[((   Elf:2 ?=:=
Vaults:1 (   Vaults:4 [

Portals:
Hell: Depths:1 Depths:2 Depths:3*
Abyss: Depths:3
Pandemonium: Depths:2
Ziggurat: Depths:3

Annotations:
Vaults:3 3 runed translucent doors, rgbqcd's ghost, veteran MiBe


Innate Abilities, Weirdness & Mutations

You have a pair of horns on your head.
You reflexively headbutt those who attack you in melee.


Message History

You furiously retaliate!
You headbutt the cyan very ugly thing!!
Unknown command.
Unknown command.
You slice the cyan very ugly thing!! You burn the cyan very ugly thing!
The cyan very ugly thing is almost dead.
The living spell casts itself at you. Something smites you!
* * * LOW HITPOINT WARNING * * *
The living spell casts itself at you. Something smites you!
* * * LOW HITPOINT WARNING * * *
You closely miss the cyan very ugly thing.
You headbutt the cyan very ugly thing, but do no damage.
The cyan very ugly thing is almost dead.
The walking divine tome erupts in a flurry of living spells!
The cyan very ugly thing barely misses you.
You furiously retaliate!
You headbutt the cyan very ugly thing!
Unknown command.
You slash the cyan very ugly thing! You burn the cyan very ugly thing.
You kill the cyan very ugly thing!
Trog accepts your kill.
You slash the living spell! You burn the living spell.
You destroy the living spell!
The fire dragon breathes flames at you. The blast of flame misses you.
The walking divine tome erupts in a flurry of living spells!
As you read the scroll of teleportation, it crumbles to dust.
You feel strangely unstable. The living spell casts itself at you.
Something smites you!
* * * LOW HITPOINT WARNING * * *
The living spell casts itself at you. Something smites you!
* * * LOW HITPOINT WARNING * * *
The living spell casts itself at you. Something smites you!
* * * LOW HITPOINT WARNING * * *
The living spell casts itself at you. Something smites you!
You die...

#...................#
##.#..#..........###.#
.....................#
###################..#
#.....#.....#.....#..#
#.C...#.....#.....#..#####
#.....#....;#.....)......#
#.....#.....#.....#..#####
#.....#.$. #...@†#..#
####### ## ####D##..# #
... ...;?#..# # ..#
#.....#..# # .#
C#.*.*.#..# # ..#
[;#.....#..# # ...
...#.....#..# ####### ##
####.##.##
#.....#.....#..D..#[#


You could see a frost giant, a walking crystal tome, a walking divine tome, a
walking frostbound tome, a fire dragon and 2 living smiting commandments.

Vanquished Creatures
  A dread lich (Depths:2)
  An ancient lich (Depths:2)
  A juggernaut (Depths:3)
  Boris (twice) (Vaults:2 Depths:1)
  Bai Suzhen (Vaults:4)
  3 golden dragons
  A lich (Depths:2)
  The ghost of Gelos the Brawler, an adept TrGl of Gozag (Swamp:3)
  Asterion (Spider:1)
  2 deep elf master archers (Elf:3)
  A deep elf blademaster (Elf:3)
  The ghost of royokou the Devastator, an adept DgCj (Spider:3)
  A walking frostbound tome (Depths:3)
  An acid blob (Slime:1)
  A sphinx (Depths:1)
  Frances (Elf:1)
  2 tengu reavers
  A storm dragon (Vaults:4)
  Agnes (Elf:1)
  A draconian monk (Depths:4)
  33 slime creatures
  3 fenstrider witches
  7 fire giants
  7 vault wardens
  9 deep elf sorcerers
  7 frost giants
  7 emperor scorpions
  2 imperial myrmidons (Desolation)
  2 orc warlords
  Aizul (Swamp:2)
  3 ghost moths
  A ghost moth (shapeshifter) (D:14)
  2 angels (Vaults:1)
  9 ironbound preservers
  5 broodmothers
  A war gargoyle (Vaults:4)
  32 very ugly things
  9 deep elf elementalists (Elf:3)
  Louise (Spider:1)
  5 ironbound thunderhulks
  3 stone giants (Depths:4)
  7 deep elf demonologists
  A vampire knight (Vaults:3)
  A purple draconian (Depths:4)
  A halazid warlock (Desolation)
  8 eleionomae
  12 dire elephants
  3 bunyips
  3 entropy weavers
  8 spark wasps
  4 deep elf annihilators
  A white draconian (IceCv)
  The ghost of zazu2006 the Covert, a journeyman NaWz of Vehumet (D:13)
  7 deep elf death magi
  9 ettins
  Snorg (Lair:4)
  2 crystal guardians
  Josephine (Orc:1)
  A blizzard demon (Depths:2)
  8 fire dragons
  The ghost of Pelinal the Spry, a journeyman DEFE of Vehumet (Lair:5)
  5 deep elf high priests
  2 shambling mangroves (Swamp:4)
  6 yaktaur captains
  3 rakshasas
  Fannar (D:10)
  6 servants of whispers (Desolation)
  10 ice dragons
  7 great orbs of eyes
  4 spriggan air magi
  23 hydras
  7 vault guards
  3 ogre magi
  9 ragged hierophants (Desolation)
  A jorogumo (Spider:4)
  Erolcha (D:10)
  A boulder beetle (shapeshifter) (Elf:3)
  19 centaur warriors
  18 peacekeepers
  4 ghost crabs
  6 boulder beetles
  Erica (D:10)
  11 ironbound frosthearts
  10 alligators
  A catoblepas (Lair:4)
  13 two-headed ogres
  5 radroaches
  5 vampire magi
  8 tengu warriors
  7 deep troll earth magi
  8 deep troll shamans
  A death scarab (Spider:3)
  Urug (D:11)
  28 dancing weapons
  5 spriggan berserkers
  4 death yaks (Lair:6)
  18 deep elf knights
  A sun demon (Depths:2)
  4 hell knights (Depths:1)
  A fire crab (D:15)
  A spectral entropy weaver (Spider:3)
  2 spectral ghost moths (Spider:3)
  10 pharaoh ants
  7 iron trolls
  19 skeletal warriors
  2 sun moths
  8 spriggan druids
  2 cherubim (D:14)
  4 steelbarb worms
  11 orb spiders
  2 death drakes
  2 orange crystal statues
  7 goliath frogs
  A flayed ghost (Depths:3)
  48 deep trolls
  14 swamp dragons
  A glowing orange brain (Vaults:4)
  4 bog bodies
  11 ironbound convokers
  7 wizards
  13 deep elf archers
  23 deep elf zephyrmancers
  2 tengu zombies (Vaults:2)
  A harpy (Vaults:4)
  5 necromancers
  11 lindwurms
  4 oklob plants
  A mana viper (shapeshifter) (D:15)
  A fire giant zombie (D:15)
  7 orc knights
  A sphinx zombie (Vaults:1)
  9 cyclopes
  37 ugly things
  7 manticores
  28 deep elf pyromancers
  5 orc sorcerers
  A salamander (shapeshifter) (D:15)
  5 will-o-the-wisps
  29 wolf spiders
  2 stone giant zombies
  A tengu skeleton (Vaults:2)
  3 moths of wrath
  Maurice (D:10)
  A black mamba (shapeshifter) (D:14)
  4 guardian serpents (Desolation)
  2 rust devils (Depths:2)
  16 vault sentinels
  3 gargoyles
  7 elephants
  4 black mambas
  4 torpor snails
  2 emperor scorpion simulacra (Spider:3)
  A yaktaur (shapeshifter) (Elf:2)
  5 molten gargoyles
  An orange demon (Depths:2)
  15 cane toads
  An unseen horror (shapeshifter) (D:14)
  2 kobold demonologists
  17 komodo dragons
  23 rime drakes
  12 demonic crawlers
  39 yaktaurs
  An efreet (D:14)
  A guardian mummy (D:15)
  2 freezing wraiths
  An entropy weaver simulacrum (Spider:3)
  2 yaktaur zombies (Vaults:2)
  An ice devil (Depths:2)
  7 tengu conjurers
  A ghost moth simulacrum (Spider:3)
  A hellwing (Depths:2)
  3 human zombies
  9 meliai
  A human skeleton (Vaults:2)
  7 tyrant leeches
  13 trolls
  A queen bee (Lair:3)
  2 polar bears (shapeshifter)
  23 polar bears
  A queen bee (shapeshifter) (D:14)
  A tarantella (shapeshifter) (D:14)
  10 hornets
  An ettin zombie (D:15)
  2 wolf spider simulacra (Spider:3)
  76 saltlings (Desolation)
  19 tarantellas
  11 blink frogs
  A dream sheep (shapeshifter) (Depths:3)
  A blink frog (shapeshifter) (D:15)
  A deep troll zombie (Vaults:2)
  A spriggan zombie (D:15)
  18 dream sheep
  23 jumping spiders
  A human simulacrum (Vaults:1)
  29 culicivoras
  A ynoxinul (Depths:2)
  2 air elementals
  3 wraiths (Orc:1)
  A spriggan (shapeshifter) (D:14)
  4 water elementals
  A spriggan skeleton (D:15)
  5 vampires
  8 spriggans
  A shadow (D:12)
  10 wyverns
  2 steam dragons
  9 basilisks
  72 yaks
  8 vampire mosquitoes
  2 fire elementals (Elf:3)
  47 redbacks
  2 death yak simulacra (Lair:5)
  4 wargs (Orc:2)
  18 swamp worms
  2 acid dragons (D:11)
  A floating eye (Depths:3)
  14 water moccasins
  4 hell hounds (Lair:6)
  2 hydra simulacra (Lair:5)
  A black bear (D:7)
  2 sky beasts
  12 orc warriors
  12 swamp drakes
  2 ice beasts
  22 ogres
  13 wolves
  13 centaurs
  2 phantoms
  2 kobold brigands
  8 bullfrogs
  4 scorpions
  A cane toad simulacrum (Lair:5)
  A necrophage (D:5)
  3 gnoll sergeants
  8 wights
  A blink frog simulacrum (Lair:5)
  An elephant simulacrum (Lair:5)
  39 killer bees
  5 howler monkeys (D:9)
  9 electric eels
  5 lava snakes (Lair:6)
  3 jellies
  7 orc priests
  A hound (D:4)
  Jessica (D:3)
  14 hell rats
  4 iguanas
  12 orc wizards
  13 gnolls
  18 adders
  2 shadow imps
  A white imp (D:8)
  3 worms
  3 dart slugs
  57 orcs
  8 endoplasms
  3 giant cockroaches
  6 goblins
  3 hobgoblins
  3 jackals (D:1)
  13 kobolds
  4 quokkas
  7 ball pythons
  5 bats
  6 frilled lizards
  7 rats
1906 creatures vanquished.

Vanquished Creatures (others)
  3 deep elf knights (Elf:2)
  A soul eater (Depths:2)
  A steelbarb worm (Spider:4)
  A deep elf zephyrmancer (Elf:2)
  A bloated husk (Swamp:1)
  A spriggan (Swamp:4)
  A water elemental (D:13)
  2 electric eels (D:13)
  18 foxfires
  56 fungi
  103 plants
  4 withered plants
192 creatures vanquished.

Grand Total: 2098 creatures vanquished

Notes
Turn   | Place    | Note
-------+----------+-------------------------------------------
     0 | D:1      | siradein the Minotaur Berserker began the quest for the
                  | Orb.
     0 | D:1      | Reached XP level 1. HP: 19/19 MP: 0/0
   429 | D:1      | Reached XP level 2. HP: 27/27 MP: 1/1
  1422 | D:2      | Reached XP level 3. HP: 31/34 MP: 2/2
  1423 | D:2      | Reached ** piety under Trog
  2028 | D:2      | Reached XP level 4. HP: 36/41 MP: 3/3
  2098 | D:2      | Reached skill level 5 in Axes
  2506 | D:3      | Reached skill level 5 in Fighting
  2514 | D:3      | Found Lub Wyng's Weapon Shop.
  2995 | D:3      | Found an iron altar of Okawaru.
  3411 | D:3      | Found a faded altar of an unknown god.
  3571 | D:3      | Reached XP level 5. HP: 48/48 MP: 4/4
  3631 | D:3      | Noticed Jessica
  3639 | D:3      | Killed Jessica
  4230 | D:4      | Noticed an ogre
  4241 | D:4      | Killed an ogre
  4242 | D:4      | Reached XP level 6. HP: 58/58 MP: 5/5
  4914 | D:4      | Found a staircase to the Ecumenical Temple.
  5082 | D:5      | Entered Level 5 of the Dungeon
  5104 | D:5      | Reached XP level 7. HP: 66/66 MP: 6/6
  5619 | D:5      | Found a stormy altar of Qazlal.
  5791 | D:5      | Found a glowing golden altar of the Shining One.
  5835 | D:5      | Reached XP level 8. HP: 46/75 MP: 7/7
  5840 | D:5      | Reached *** piety under Trog
  7359 | D:7      | Reached skill level 10 in Fighting
  7359 | D:7      | Reached skill level 10 in Axes
  7430 | D:7      | Reached XP level 9. HP: 29/86 MP: 8/8
  8621 | D:7      | Found a radiant altar of Vehumet.
  8743 | D:7      | Found a hide-covered altar of Uskayaw.
  9319 | D:8      | Found a burning altar of Makhleb.
  9366 | D:8      | Reached **** piety under Trog
 10085 | D:9      | Reached XP level 10. HP: 91/100 MP: 9/9
 10119 | D:9      | Identified the +10 trident "Dragonbane" {vorpal, *Noise
                  | rElec rN+}
 10982 | D:10     | Entered Level 10 of the Dungeon
 10994 | D:10     | Noticed Erica
 11120 | D:10     | Killed Erica
 11160 | D:10     | Noticed Maurice
 11163 | D:10     | Noticed Erolcha
 11178 | D:10     | Killed Maurice
 11191 | D:10     | Killed Erolcha
 11473 | D:10     | Noticed a two-headed ogre
 11480 | D:10     | Killed a two-headed ogre
 11492 | D:10     | Noticed Fannar
 11502 | D:10     | Killed Fannar
 11552 | D:10     | Reached XP level 11. HP: 99/111 MP: 10/10
 11865 | D:10     | Found a staircase to the Lair.
 11916 | D:10     | Found Ivumnoda's Self-Improvement Boutique.
 11979 | D:10     | Found a staircase to the Orcish Mines.
 12097 | D:10     | Reached skill level 15 in Axes
 12101 | D:10     | Reached skill level 15 in Fighting
 12166 | D:11     | Noticed a four-headed hydra
 12245 | D:10     | Killed a four-headed hydra
 12487 | D:11     | Noticed Urug
 12915 | D:11     | Killed Urug
 12974 | D:11     | Found a bloodstained altar of Trog.
 12978 | D:11     | Noticed a two-headed ogre
 12994 | D:11     | Killed a two-headed ogre
 13639 | D:11     | Noticed a two-headed ogre
 13655 | D:11     | Killed a two-headed ogre
 14094 | Lair:1   | Entered Level 1 of the Lair of Beasts
 14382 | Lair:1   | Reached XP level 12. HP: 91/124 MP: 11/11
 15221 | Lair:1   | Reached skill level 1 in Shields
 15398 | Lair:2   | Reached skill level 1 in Evocations
 15410 | Lair:2   | Reached ***** piety under Trog
 15893 | Lair:2   | You fall into a shaft and drop 2 floors!
 16257 | Lair:2   | Found a hole to the Spider Nest.
 16312 | Lair:2   | Found a staircase to the Swamp.
 17144 | Lair:3   | Noticed a boulder beetle
 17164 | Lair:3   | Killed a boulder beetle
 17165 | Lair:3   | Reached skill level 5 in Armour
 17168 | Lair:3   | Received a gift from Trog
 17195 | Lair:3   | Reached XP level 13. HP: 20/133 MP: 12/12
 17752 | Lair:3   | Reached skill level 5 in Dodging
 17954 | Lair:3   | Reached skill level 5 in Shields
 18820 | Lair:4   | Noticed Snorg
 18829 | Lair:4   | Killed Snorg
 19917 | Lair:5   | Received a gift from Trog
 20434 | Lair:5   | Found a runed translucent gate.
 20435 | Lair:5   | Found a runed translucent gate.
 20502 | Lair:5   | Found a runed translucent gate.
 20681 | Lair:5   | Reached skill level 5 in Evocations
 20962 | Lair:5   | Noticed Pelinal's ghost (journeyman DEFE)
 21051 | Lair:5   | Killed Pelinal's ghost
 21349 | Lair:5   | Got the ring "Pihy" {Fire rCorr}
 21394 | Lair:6   | Entered Level 6 of the Lair of Beasts
 21487 | Lair:6   | Reached XP level 14. HP: 99/143 MP: 13/13
 21769 | Lair:6   | Found a staircase to the Slime Pits.
 22126 | Lair:6   | Received a gift from Trog
 22466 | Lair:6   | Found a burning altar of Makhleb.
 22789 | Lair:6   | Found a large runed translucent door.
 22795 | Lair:6   | Found a large runed translucent door.
 25846 | Orc:1    | Entered Level 1 of the Orcish Mines
 25847 | Orc:1    | Noticed Josephine
 25858 | Orc:1    | Killed Josephine
 26030 | Orc:1    | Identified the +1 quarterstaff "Yxtuzej" {antimagic, Dex+4}
                  | (Trog gifted it to you on level 1 of the Orcish Mines)
 26030 | Orc:1    | Received a gift from Trog
 26266 | Orc:1    | Found Mostemp's Overcharged Wands.
 26395 | Orc:2    | Entered Level 2 of the Orcish Mines
 26690 | Orc:2    | Reached XP level 15. HP: 101/151 MP: 14/14
 27456 | Orc:2    | Found Lilosuh's Antique Weapon Emporium.
 27457 | Orc:2    | Found Woam's Jewellery Emporium.
 27464 | Orc:2    | Found Rutefful's Weapon Boutique.
 27473 | Orc:2    | Found Bifenkal's Antique Armour Shoppe.
 27476 | Orc:2    | Received a gift from Trog
 27536 | Orc:2    | Found a staircase to the Elven Halls.
 27643 | Orc:2    | Bought a twisted chain mail for 266 gold pieces
 27643 | Orc:2    | Identified the +1 chain mail of the Gusle {Str+2} (You
                  | bought it in a shop on level 2 of the Orcish Mines)
 28094 | D:13     | Reached skill level 10 in Armour
 28545 | D:13     | Identified the +11 scythe of the Absolute Madman {drain,
                  | rElec Int+5 Dex-2}
 28547 | D:13     | Found Sauddua's Jewellery Shoppe.
 28731 | D:13     | Identified the +6 falchion of Cukeur {vorpal, Str+3}
 29176 | D:13     | Reached skill level 10 in Shields
 29359 | D:13     | Found a portal to a secret trove of treasure.
 29571 | D:13     | Found a runed translucent door.
 29576 | D:13     | Noticed zazu2006's ghost (journeyman NaWz)
 29588 | D:13     | Identified the +1 spear of Defenestration {vorpal, Fragile
                  | rN+ Str+9 Int-2}
 30528 | D:14     | Found a gate to the Vaults.
 30726 | D:14     | You fall into a shaft and drop 1 floor!
 30726 | D:15     | Entered Level 15 of the Dungeon
 30771 | D:14     | Found Mupysh's Distillery.
 30780 | D:14     | Bought a potion of resistance for 170 gold pieces
 30780 | D:14     | Bought a potion of cancellation for 136 gold pieces
 30780 | D:14     | Bought a potion of haste for 170 gold pieces
 30780 | D:14     | Bought 2 potions of invisibility for 272 gold pieces
 30780 | D:14     | Bought a potion of heal wounds for 85 gold pieces
 30780 | D:14     | Bought a potion of degeneration for 17 gold pieces
 30780 | D:14     | Bought a potion of heal wounds for 85 gold pieces
 30799 | D:14     | Found Huibb's General Store.
 30807 | D:14     | Bought a potion of berserk rage for 65 gold pieces
 30807 | D:14     | Bought a scroll of identify for 26 gold pieces
 30807 | D:14     | Bought a scroll of identify for 26 gold pieces
 31064 | D:14     | Found Omob's Distillery.
 31070 | D:14     | Bought a potion of attraction for 33 gold pieces
 31070 | D:14     | Bought a potion of heal wounds for 55 gold pieces
 31070 | D:14     | Bought a potion of heal wounds for 55 gold pieces
 31148 | D:14     | Found Xure's Antique Weapon Emporium.
 31369 | D:14     | Received a gift from Trog
 31482 | D:14     | Identified the +8 chain mail of Wu Jian's Generosity {Fly
                  | rN+++ Will+++ Slay-5}
 31542 | D:14     | Reached skill level 10 in Dodging
 31892 | D:14     | Reached XP level 16. HP: 145/162 MP: 15/15
 32554 | D:14     | Found Bideysoh's Armour Emporium.
 32746 | D:14     | Reached XP level 17. HP: 170/170 MP: 16/16
 32932 | D:15     | Found a staircase to the Depths.
 33082 | D:15     | Reached ****** piety under Trog
 33414 | D:15     | Received a gift from Trog
 34271 | Swamp:1  | Entered Level 1 of the Swamp
 35860 | Swamp:1  | Identified the +11 mace of Departure {drain, rF+}
 37240 | Swamp:3  | Noticed Aizul
 37261 | Swamp:2  | Killed Aizul
 37834 | Swamp:3  | Reached skill level 10 in Evocations
 37928 | Swamp:3  | Found a runed translucent door.
 37938 | Swamp:3  | Noticed Gelos's ghost (adept TrGl)
 38794 | Swamp:3  | Reached XP level 18. HP: 178/180 MP: 17/17
 39058 | Swamp:4  | Entered Level 4 of the Swamp
 39290 | Swamp:3  | Killed Gelos's ghost
 39411 | Swamp:3  | Received a gift from Trog
 39879 | Swamp:4  | Got a decaying rune of Zot
 40541 | Spider:1 | Entered Level 1 of the Spider Nest
 40567 | Spider:1 | Found a frozen archway.
 40580 | IceCv    | Entered an ice cave
 40652 | IceCv    | Identified the ring of Youthful Indiscretion {rF+ rC- rN+
                  | Will+ Dex+3}
 40654 | IceCv    | Identified the +0 leather armour "Yhatojom" {rF+ rC+ Str-2}
 41215 | IceCv    | Received a gift from Trog
 41903 | IceCv    | Identified the +2 pair of gloves of Uqenamestre {*Corrode
                  | +Inv rElec Dex+2}
 42792 | Spider:1 | Reached skill level 15 in Armour
 43306 | Spider:2 | Noticed Louise
 43318 | Spider:2 | Identified the +6 broad axe of Accidental Termination
                  | {vorpal, rPois rF+ rCorr} (Trog gifted it to you on level 2
                  | of the Spider Nest)
 43318 | Spider:2 | Received a gift from Trog
 43329 | Spider:1 | Killed Louise
 43330 | Spider:1 | Reached XP level 19. HP: 47/191 MP: 18/18
 43686 | Spider:2 | Identified the +2 kite shield of the Mackerel {rPois Int+2
                  | Dex+3 Stlth+}
 43686 | Spider:2 | Noticed Asterion
 43691 | Spider:2 | Reached skill level 15 in Shields
 44502 | Spider:1 | Killed Asterion
 44986 | Spider:2 | You are sucked into a shaft and drop 1 floor!
 45658 | Spider:3 | Received a gift from Trog
 46210 | Spider:3 | Found a transporter.
 46214 | Spider:3 | Noticed royokou's ghost (adept DgCj)
 46240 | Spider:3 | Found a transporter.
 46628 | Spider:3 | Killed royokou's ghost
 46637 | Spider:3 | Identified the ring "Vytesuet" {Fire Will+ Int+2}
 46717 | Spider:4 | Entered Level 4 of the Spider Nest
 47735 | Spider:3 | Received a gift from Trog
 49016 | Spider:4 | Got a gossamer rune of Zot
 49210 | Spider:4 | Identified a scroll of acquirement
 49211 | Spider:4 | Received a gift from Trog
 49717 | D:13     | Killed zazu2006's ghost
 49845 | Vaults:1 | Entered Level 1 of the Vaults
 49912 | Vaults:1 | Reached XP level 20. HP: 132/202 MP: 19/19
 50202 | Vaults:1 | Found a glowing silver altar of Zin.
 50202 | Vaults:1 | Found a white marble altar of Elyvilon.
 50210 | Vaults:1 | Found a glowing golden altar of the Shining One.
 50210 | Vaults:1 | Found a crumbling gateway.
 50295 | Desolati | Entered the Desolation of Salt
 50628 | Desolati | Received a gift from Trog
 51138 | Desolati | Identified the ring "Apeme" {rElec rF+ rN+ Str+4 SInv}
 51241 | Desolati | Received a gift from Trog
 51424 | Desolati | Identified the ring "Uskofoaf" {Contam rN+ rCorr MP+9}
 51427 | Desolati | Identified the +1 leather armour of Inevitability {rElec
                  | rN+ Int+2}
 51445 | Desolati | Identified the ring of Fifeuf {rN+ rCorr}
 51572 | Desolati | Identified the +6 halberd "Geodol" {drain, rN+}
 53192 | Vaults:1 | Found Julakowk's Antique Weapon Boutique.
 53314 | Vaults:1 | Received a gift from Trog
 54245 | Vaults:2 | Reached XP level 21. HP: 213/213 MP: 20/20
 54368 | Vaults:2 | Noticed Boris
 54398 | Vaults:2 | Killed Boris
 55363 | Vaults:3 | Received a gift from Trog
 55782 | Vaults:3 | You are sucked into a shaft and drop 1 floor!
 55914 | Vaults:3 | Found a staircase to the Crypt.
 56522 | Vaults:3 | Found a runed translucent gate.
 56522 | Vaults:3 | Found a runed translucent gate.
 56522 | Vaults:3 | Found a runed translucent gate.
 56522 | Vaults:3 | Noticed rgbqcd's ghost (veteran MiBe)
 56707 | Vaults:3 | Received a gift from Trog
 57443 | Vaults:3 | Found a viscous altar of Jiyva.
 57683 | Vaults:4 | Identified the +0 cloak of the Stopping Gods {rF+ rN+}
 58109 | D:13     | You paid a toll of 2 scrolls of acquirement to enter a
                  | treasure trove
 58110 | Trove    | Entered a treasure trove
 58499 | Vaults:4 | Noticed Bai Suzhen
 58527 | Vaults:4 | Killed Bai Suzhen
 58614 | Vaults:4 | Received a gift from Trog
 58763 | Vaults:4 | Found Uggeligg's Antique Armour Emporium.
 59771 | Elf:1    | Entered Level 1 of the Elven Halls
 59774 | Elf:1    | Noticed Frances
 59798 | Elf:1    | Killed Frances
 59958 | Elf:1    | Reached XP level 22. HP: 224/224 MP: 21/21
 60032 | Elf:1    | Noticed Agnes
 60036 | Elf:1    | Killed Agnes
 60290 | Elf:1    | Received a gift from Trog
 60809 | Elf:2    | Found Dousch's Jewellery Boutique.
 60824 | Elf:2    | Found Omyoqoez's Book Shoppe.
 60825 | Elf:2    | Found Sioc's Jewellery Boutique.
 61007 | Elf:2    | Received a gift from Trog
 61095 | Elf:2    | Found Dunnel's Magic Scroll Shoppe.
 61194 | Elf:2    | Bought 3 scrolls of acquirement for 2496 gold pieces
 61196 | Elf:2    | Acquired a manual of Evocations
 61198 | Elf:2    | Acquired the amulet of Oniepnav {rF++ Regen+ Int+3}
 61217 | Elf:2    | Acquired the +2 pair of gloves of the Tarantula {Regen+
                  | Int+3}
 61258 | Elf:2    | Found a runed translucent gate.
 61258 | Elf:2    | Found a runed translucent gate.
 61259 | Elf:2    | Found a runed translucent gate.
 62106 | Elf:3    | Entered Level 3 of the Elven Halls
 62302 | Elf:3    | Identified the +1 rapier "Ipnor" {vorpal, Fly rF- rCorr
                  | Dex+3} (Trog gifted it to you on level 3 of the Elven
                  | Halls)
 62302 | Elf:3    | Received a gift from Trog
 62579 | Elf:3    | Identified the +2 leather armour of the Chupacabra {Int+3
                  | Slay+2}
 62877 | Elf:3    | Received a gift from Trog
 63051 | Elf:3    | Identified the +4 war axe of a sewer {freeze, Int+4}
 63051 | Elf:3    | Identified the +8 plate armour of the Minstrel {+Blink rC+
                  | Str-3 Int+2}
 63118 | Elf:3    | Identified the +5 plate armour "Gauqeddo" {rN+ Slay+2}
 63140 | Elf:3    | Identified the +0 long sword of Fragile Peace {flame, rC-
                  | rN+ Dex+4}
 63160 | Elf:3    | Found the +12 glaive of Prune {vorpal}
 64082 | Slime:1  | Entered Level 1 of the Pits of Slime
 64397 | Depths:1 | Entered Level 1 of the Depths
 64582 | Depths:1 | Noticed Boris
 64604 | Depths:1 | Killed Boris
 64605 | Depths:1 | Reached XP level 23. HP: 234/234 MP: 22/22
 65082 | Depths:1 | Identified the +4 hand axe of Profit {flame, +Blink rElec
                  | rPois Dex-5} (Trog gifted it to you on level 1 of the
                  | Depths)
 65082 | Depths:1 | Received a gift from Trog
 65227 | Depths:1 | Found a gateway to Hell.
 65588 | Depths:2 | You are sucked into a shaft and drop 2 floors!
 65588 | Depths:4 | Entered Level 4 of the Depths
 65745 | Depths:4 | Reached skill level 15 in Dodging
 65911 | Depths:3 | Identified the ring "Foack" {rCorr AC+4}
 65933 | Depths:3 | Found a one-way gate to the infinite horrors of the Abyss.
 66000 | Depths:3 | Found a magical portal.
 66005 | WizLab   | Entered Wucad Mu's Monastery
 66278 | WizLab   | Found the +9 staff of Wucad Mu {*channel}
 66657 | Depths:3 | Received a gift from Trog
 67244 | Depths:2 | Found a shimmering blue altar of Sif Muna.
 67258 | Depths:2 | Noticed an ancient lich
 67279 | Depths:2 | Killed an ancient lich
 67280 | Depths:2 | Identified the +7 scimitar "Ickegel" {vorpal, rF+ SInv}
 67287 | Depths:2 | Noticed a dread lich
 67309 | Depths:2 | Killed a dread lich
 67333 | Depths:2 | Reached skill level 15 in Evocations
 67534 | Depths:2 | Received a gift from Trog
 67713 | Depths:2 | Found a one-way gate leading to the halls of Pandemonium.
 67844 | Depths:2 | Reached XP level 24. HP: 247/247 MP: 22/22
 67912 | Depths:3 | Found a one-way gateway to a ziggurat.
 68005 | Depths:3 | Noticed a juggernaut
 68092 | Depths:3 | Reached XP level 25. HP: 247/255 MP: 22/22
 68349 | Depths:3 | Killed a juggernaut
 68353 | Depths:3 | HP: 11/255 [living spell/divine providence[a walking divine
                  | tome] (13)]
 68353 | Depths:3 | Killed from afar by a living spell

Illustrated notes

Levels and vault maps discovered:
D:1:      psy_arrival_basics, layout_loops_corners, nrook_campfire
D:2:      minmay_recursive_quarters, layout_basic, st_stairs_2
D:3:      layout_basic, marbit_many_paths, serial_shops,
          nicolae_shop_bloodbath_and_beyond,
          shapermc_ecumenical_altar_mp_highgroup, uniq_jessica
D:4:      layout_basic, minmay_temple_entry_grid, st_stairs_5
D:5:      layout_loops_ring, overflow_temple_1_default,
          nicolae_qazlal_eye_of_the_storm, serial_bayou_crossing
D:6:      layout_rooms
D:7:      layout_loops_cross, mainiacjoe_overflow_paths,
          mainiacjoe_overflow_catwalk, nicolae_elevator_lobby_asterisk
D:8:      layout_rooms, mainiacjoe_overflow_surrounded_room
D:9:      layout_basic, minmay_misc_feat_secret_circle, minivault_10
D:10:     layout_roguey, lair_entry_dummy, orc_0_dummy, nicolae_shop_self_help,
          uniq_maurice, uniq_erolcha, uniq_fannar, uniq_erica
D:11:     layout_big_octagon, trog_ov_bears_minmay, uniq_urug
D:12:     erik_rubicon_a, layout_basic
D:13:     layout_basic, ebering_ghost_funeral_grove, enter_trove_0,
          serial_shops, nicolae_shop_behind_doors, lemuel_freeze_loot_1
D:14:     nzn_winding_woodlands_stair_cross
          [nzn_winding_woodlands_5x15_sawtooth,
          nzn_winding_woodlands_center_lodge, nzn_winding_woodlands_5x15_zeroes,
          nzn_winding_woodlands_5x5_three, nzn_winding_woodlands_5x5_open_star,
          nzn_winding_woodlands_5x15_parted,
          nzn_winding_woodlands_center_garden, nzn_winding_woodlands_5x15_pool],
          layout_loops_corners, serial_shops, shop, nicolae_shop_stone, shop,
          shop, shop, serial_aquarium, aquarium_bridge_square
          [aquarium_subvault_bridge, aquarium_subvault_bridge,
          aquarium_subvault_balcony, aquarium_subvault_balcony],
          aquarium_window_fake, aquarium_window_fake, aquarium_window_fake,
          aquarium_window_corner, aquarium_view_2d, aquarium_view_2a,
          aquarium_pool_four, minmay_crystal_room, pf_eden
D:15:     gammafunk_depths_entry_grave, layout_loops_ring, serial_glass,
          glass_columns_a, glass_columns_b, minmay_misc_feat_roman, minivault_28
Lair:1:   layout_misc_corridors, chequers_serial_rivers_micro_c,
          dreamdust_mushroom_princess, beast_lair_carwin_5, grunt_megastairs_2
Lair:2:   layout_cave_shapes, nicolae_swamp_entry_splash_gauntlet,
          dummy_spider_entry
Lair:3:   regret_index_tunnel_blossom, layout_long_grid, serial_bayou_pond_e,
          patterned_corridor
Lair:4:   layout_hall_layers, uniq_snorg
Lair:5:   minmay_lair_venomous_thicket, layout_cave_pods, gammafunk_ghost_icy,
          grunt_megastairs_5, lemuel_fruit_fields
Lair:6:   cheibrodos_lair_end_hotspot, layout_loops_ring,
          minmay_slime_entry_oklob_open, basic_altar
Swamp:1:  layout_falls_marsh, nicolae_swamp_ascending_descending, swamp_pool5
Swamp:2:  layout_basic_swamp, evilmike_swamp_ruin_rubble_1
Swamp:3:  layout_basic_swamp, ebering_ghost_reflecting_pool,
          nicolae_swamp_big_swirl, infiniplex_staircase_pool, uniq_aizul
Swamp:4:  swamp_alternative, layout_basic_swamp, swamp_pool2
Spider:1: layout_spider_delve, portal_ice_cave_entry_pillars_three
Spider:2: layout_spider_delve, uniq_louise, uniq_asterion
Spider:3: layout_spider_delve, gammafunk_ghost_mausoleum,
          nicolae_spider_paper_wasps
Spider:4: guppyfry_spider_rune
Slime:1:  layout_caves
Orc:1:    layout_caves, nicolae_shop_overcharged_wands, uniq_josephine
Orc:2:    st_orc_open, layout_caves
Elf:1:    nicolae_elf_arrival_no_cutting_in_line, layout_gridlike,
          kennysheep_underground_church, uniq_frances, uniq_agnes
Elf:2:    nicolae_elf_blades_splatter_lattice
          [nicolae_blade_entry_sentries_behind_glass], layout_geoelf_diagonals,
          serial_shops, shop, einodemon_crawler_minivault, minmay_shop_grove
Elf:3:    minmay_elf_hall_four_x, layout_geoelf_castle
Vaults:1: portal_desolation_entry_holy_temple, v_rooms_3, nicolae_vaults_big_ls,
          nicolae_vaults_little_squares_1, ontoclasm_vaults_decontamination,
          hangedman_vaults_slice, vaults_room_fours, layout_vaults_omnigrid,
          serial_shops, nicolae_shop_behind_doors
Vaults:2: vaults_room_ringed_pool, nicolae_vaults_puzzle_piece,
          nicolae_vaults_alarming, hangedman_vaults_river_flow,
          vaults_dpeg_doors, hangedman_vaults_hat, v_misc_22, v_misc_5,
          ontoclasm_vaults_loading_screen, nicolae_vaults_asterisk,
          ontoclasm_vaults_ring_square, vaults_room_corners,
          layout_vaults_maze_bifur, uniq_boris
Vaults:3: gammafunk_ghost_ooze, vaults_standard_mumra_x,
          minmay_crypt_entry_vampire_xt, v_pattern_4, hangedman_vaults_cutoff,
          v_misc_12, v_misc_11, vaults_mumra_lcd,
          nicolae_vaults_little_squares_2, nicolae_vaults_little_ls,
          layout_vaults_big_room
Vaults:4: ontoclasm_vaults_ring_large, v_pattern_2, hangedman_vaults_stagger,
          nicolae_vaults_disjoint_gnomons, vaults_room_guarded_vault,
          nicolae_vaults_windows_and_doors_thing, vaults_mumra_chevron,
          hangedman_vaults_impose, hangedman_vaults_cutoff, vaults_room_fours,
          grunt_vaults_hallway_long, layout_vaults_omnicross, serial_shops,
          shop, uniq_bai_suzhen
Depths:1: layout_gridlike, hell_entry, hangedman_decor_slide_cut,
          kennysheep_windowed_goal, grunt_megastairs_4
Depths:2: evilmike_library_of_no_secrets, layout_cave_pools,
          grunt_pan_entry_in_and_out, hell_entry,
          infiniplex_staircase_spiral_double, serial_bayou_shore_b
Depths:3: evilmike_inaccessible_box, layout_cave_shapes, enter_ziggurat_c,
          mu_enter_wizlab_1, serial_column_ruins, column_ruins_portal_squares,
          column_ruins_open_tiny, column_ruins_grid_1,
          column_ruins_open_medium_water, column_ruins_open_small,
          column_ruins_open_tiny, abyss_entry_crystal, hell_entry,
          chequers_decorated_corner, minmay_misc_feat_more_columns
Depths:4: grunt_zot_entry_tricorne, layout_basic, hell_entry, dk_noncrumbling_3,
          uniq_margery

Skill      XL: |  1  2  3  4  5  6  7  8  9 10 11 12 13 14 15 16 17 18 19 20 21 22 23 |
---------------+----------------------------------------------------------------------+-----
Fighting       | 4 5 6 7 8 10 12 14 16 17 18 19 20 21 22 23 24 25 26 | 26.5
Axes           | 4 5 6 7 8 10 12 14 16 17 18 19 20 21 22 23 24 25 26 | 26.5
Shields        | 4 7 9 10 11 13 14 16 18 19 20 | 20.0
Armour         | 5 7 9 11 13 15 16 18 19 20 21 | 21.7
Evocations     | 3 5 6 8 10 13 15 | 15.5
Dodging        | 4 6 8 10 11 14 17 | 17.2

Action                   |  1- 3 |  4- 6 |  7- 9 | 10-12 | 13-15 | 16-18 | 19-21 | 22-24 | 25-27 || total
-------------------------+-------+-------+-------+-------+-------+-------+-------+-------+-------++-------
Melee: Hand axe          |    87 |    94 |       |       |       |       |       |       |       ||   181
       Headbutt          |     8 |    18 |    48 |   111 |   175 |   236 |   398 |   312 |    16 ||  1322
       War axe           |       |    22 |   260 |   217 |       |       |       |       |       ||   499
       Punch             |       |       |     2 |       |       |       |       |       |       ||     2
       Trident           |       |       |       |   239 |    36 |    55 |       |       |       ||   330
       Broad axe         |       |       |       |     5 |   784 |   964 |  1497 |  1279 |    42 ||  4571
       Executioner's axe |       |       |       |       |    22 |       |       |       |       ||    22
Throw: Dart              |       |       |       |     1 |       |       |       |       |       ||     1
       Throwing net      |       |       |       |     1 |       |       |       |       |       ||     1
Invok: Berserk           |       |     2 |     3 |     6 |     2 |     5 |     1 |     2 |       ||    21
       Trog's Hand       |       |       |       |     2 |     2 |     1 |       |     1 |       ||     6
Evoke: Wand              |       |       |       |       |       |       |       |       |     1 ||     1
  Use: Scroll            |       |     4 |     1 |     5 |    20 |     6 |     4 |     3 |     1 ||    44
       Potion            |       |       |       |       |     2 |     2 |     1 |     1 |       ||     6
 Stab: Sleeping          |     1 |       |       |     1 |     5 |       |       |       |       ||     7
       Confused          |       |       |       |       |       |     1 |       |       |       ||     1
Armor: Animal skin       |    25 |       |       |       |       |       |       |       |       ||    25
       Chain mail        |       |    46 |   112 |     3 |    43 |   480 |   618 |   474 |     8 ||  1784
       Shadow dragon sca |       |       |       |   198 |   267 |       |       |       |       ||   465
Dodge: Dodged            |    56 |    39 |    75 |   126 |   322 |   463 |   510 |   485 |     9 ||  2085
Block: Kite shield       |       |       |    29 |   193 |   429 |   751 |  1517 |   910 |     8 ||  3837
       Reflection        |       |       |       |       |       |     8 |   106 |    35 |       ||   149

Table legend: (Time is in decaauts)
 A = Elapsed time spent in this place.
 B = Non-inter-level travel time spent in this place.
 C = Inter-level travel time spent in this place.
 D = Time resting spent in this place.
 E = Time spent auto-exploring this place.
 F = Levels seen in this place.
 G = Mean time per level.
                   A        B        C        D        E       F      G
               +--------+--------+--------+--------+--------+-----+--------+
         Total |  67645 |  63822 |   3823 |  11754 |  39459 |  47 | 1439.3 |
       Dungeon |  22739 |  20856 |   1883 |   3206 |  14329 |  15 | 1515.9 |
          Lair |  11543 |  10734 |    809 |   1762 |   7222 |   6 | 1923.8 |
         Swamp |   5085 |   4975 |    110 |   1044 |   2907 |   4 | 1271.2 |
   Spider Nest |   7507 |   7289 |    218 |   3426 |   2710 |   4 | 1876.8 |
    Slime Pits |     12 |     12 |      0 |      0 |      0 |   1 |   12.0 |
  Orcish Mines |   2234 |   2105 |    129 |    599 |   1118 |   2 | 1117.0 |
   Elven Halls |   3945 |   3730 |    215 |    167 |   2469 |   3 | 1315.0 |
        Vaults |   7744 |   7359 |    385 |   1153 |   4766 |   4 | 1936.0 |
        Depths |   3205 |   3134 |     71 |    336 |   1539 |   4 |  801.2 |
         Trove |     83 |     83 |      0 |      0 |     57 |   1 |   83.0 |
      Ice Cave |   1362 |   1362 |      0 |     24 |   1036 |   1 | 1362.0 |
        Wizlab |    570 |    570 |      0 |      0 |    254 |   1 |  570.0 |
    Desolation |   1608 |   1608 |      0 |     35 |   1051 |   1 | 1608.0 |
               +--------+--------+--------+--------+--------+-----+--------+

Top non-repeatable levels by time:
Spider:3: 2993 daAuts
Spider:1: 2863 daAuts
  Lair:6: 2675 daAuts
  Lair:3: 2552 daAuts
    D:14: 2411 daAuts
    D:10: 2338 daAuts
Vaults:3: 2139 daAuts
 Swamp:3: 2083 daAuts
    D:13: 2065 daAuts
Vaults:1: 2008 daAuts
    D:12: 1973 daAuts
  Lair:2: 1957 daAuts
  Lair:5: 1860 daAuts
Vaults:2: 1822 daAuts
Vaults:4: 1773 daAuts
